 Dungeon Crawl Stone Soup version 0.17-a0-1575-g9a29ec8 (webtiles) character file.

43357 emikaela the Corrupter of Planes (level 14, -5/88 HPs)
             Began as a Kobold Abyssal Knight on July 22, 2015.
             Was the Champion of Lugonu.
             Slain by a 12-headed hydra (8 damage)
             ... on level 8 of the Lair of Beasts on July 26, 2015.
             The game lasted 01:44:31 (28580 turns).

emikaela the Corrupter of Planes (KoAK)            Turns: 28580, Time: 01:44:32

Health: -5/88      AC: 22    Str: 14    XL:     14   Next: 60%
Magic:  22/22      EV: 15    Int: 10    God:    Lugonu [******]
Gold:   1106       SH:  0    Dex: 23    Spells: 0 memorised, 13 levels left

rFire  . . .     SeeInvis +     E - +14 obsidian axe {chop, +Fly Str+3 SInv *Curse} (curse)
rCold  . . .     Clarity  .     K - +2 chain mail {MR+}
rNeg   + + +     SustAt   .     (shield restricted)
rPois  .         Gourm    .     b - +1 helmet
rElec  .         Spirit   .     (no cloak)
rCorr  .         Warding  +     R - +1 pair of gloves
rMut   .         Stasis   .     v - +1 pair of boots
MR     ++...                    P - amulet of warding
Stlth  ++++......               L - ring of stealth
                                r - ring "Coinn" {rN++ AC+4 Str-2 Dex+5}

@: mesmerised, very resistant to hostile enchantments, stealthy
A: carnivore 3
a: Depart the Abyss, Bend Space, Banish, Corrupt, Enter the Abyss, Renounce
Religion, Evoke Flight


You were on level 8 of the Lair of Beasts.
You worshipped Lugonu.
Lugonu was exalted by your worship.
You were very full.

You visited 3 branches of the dungeon, and saw 20 of its levels.
You visited the Abyss 1 time.

You collected 1164 gold pieces.
You spent 58 gold pieces at shops.

Inventory:

Hand weapons
 E - the cursed +14 obsidian axe (weapon) {chop, +Fly Str+3 SInv *Curse}
   (You took it off an orc on level 7 of the Dungeon)

   It inflicts extra damage upon your enemies.
   It affects your strength (+3).
   It lets you see invisible.
   It lets you fly.
   It may re-curse itself when equipped.
   It has a curse placed upon it.
Missiles
 o - 27 tomahawks (quivered)
Armour
 b - a +1 helmet (worn)
 v - a +1 pair of boots (worn)
 K - a +2 chain mail of magic resistance (worn)
 R - a +1 pair of gloves (worn)
Jewellery
 r - the ring "Coinn" (left hand) {rN++ AC+4 Str-2 Dex+5}
   (You found it on level 1 of the Lair of Beasts)

   [ring of protection]

   It affects your AC (+4).
   It affects your strength (-2).
   It affects your dexterity (+5).
   It greatly protects you from negative energy.
 L - a ring of stealth (right hand)
 O - an uncursed ring of invisibility
 P - an amulet of warding (around neck)
 Y - an uncursed ring of protection from magic
Magical devices
 i - a wand of confusion (36)
 k - a wand of enslavement (4)
 p - a wand of slowing (10)
 q - a wand of fireball (4)
 y - a wand of disintegration (6)
 C - a wand of polymorph (18)
 V - a wand of enslavement (6)
Scrolls
 f - 2 scrolls of fog
 h - a scroll of acquirement {unknown}
 l - 2 scrolls of magic mapping
 n - a scroll of holy word {unknown}
 t - a scroll of enchant weapon
 w - 6 scrolls of teleportation
 x - 3 scrolls of immolation
 A - 2 scrolls of blinking
 D - 3 scrolls of fear
 H - a scroll of brand weapon {unknown}
 U - 8 scrolls of remove curse
 W - a scroll of torment {unknown}
 X - 2 scrolls of random uselessness {unknown}
Potions
 d - a potion of cure mutation
 g - 10 potions of curing {unknown}
 j - a potion of haste {unknown}
 m - 2 potions of mutation {unknown}
 s - a potion of magic
 u - a potion of ambrosia
 z - 3 potions of resistance {unknown}
 B - 2 potions of cancellation {unknown}
 G - 3 potions of invisibility
 I - a potion of might
 N - 4 potions of heal wounds {unknown}
 S - a potion of lignification
Miscellaneous
 e - a box of beasts {used: 7}
 F - a stone of tremors (inert)
 Q - a box of beasts
Comestibles
 a - a beef jerky
 c - 6 meat rations
 J - a royal jelly


   Skills:
 - Level 10.0 Fighting
   Level 10.0 Short Blades
 + Level 11.3 Axes
 + Level 5.9 Armour
 - Level 10.0 Dodging
 - Level 10.0 Stealth
 + Level 11.8 Invocations
 - Level 8.0 Evocations


You had 13 spell levels left.
You didn't know any spells.

Dungeon Overview and Level Annotations

Branches:
Dungeon (11/15)            Temple (1/1) D:6            Lair (8/8) D:11
 Shoals (0/4) Lair:5        Snake (0/4) Lair:5        Slime (0/6) Lair:8
    Orc: D:9-12

Altars:
Ashenzari
Cheibriados
Dithmenos
Elyvilon
Fedhas
Gozag
Kikubaaqudgha
Makhleb
Nemelex Xobeh
Okawaru
Qazlal
Ru
Sif Muna
Trog
Vehumet
Xom
Yredelemnul
Zin
The Shining One

Shops:
D:5 [   D:8 (

Annotations:
Abyss:1 Urug


Innate Abilities, Weirdness & Mutations

You are small and have problems with some larger weapons.
You are carnivorous and can eat meat at any time.


Message History

You lop one of the 11-headed hydra's heads off!
The ten-headed hydra grows two more!
You slash the 12-headed hydra!
The 12-headed hydra is moderately wounded.
You slash the komodo dragon! You open a gate to Pandemonium!
A demon appears!
The komodo dragon is severely wounded.
The 12-headed hydra bites you!
* * * LOW HITPOINT WARNING * * *
The 12-headed hydra bites you.
* * * LOW HITPOINT WARNING * * *
The 12-headed hydra barely misses you.
The 12-headed hydra bites you but does no damage.
The 12-headed hydra closely misses you. The 12-headed hydra bites you!
* * * LOW HITPOINT WARNING * * *
The 12-headed hydra misses you.
The 12-headed hydra bites you but does no damage.
The 12-headed hydra completely misses you.
The 12-headed hydra misses you.
The 12-headed hydra bites you but does no damage.
The 12-headed hydra bites you!
You die...

#P......♣
##....♣♣♣..♣
♣♣ #......♣ ..
.. ##....♣♣
♣.♣ #...%♣♣
♣..♣ ##.....♣
♣..♣ #......♣
♣♣.(♣ #.....♣♣
♣♣lD♣ ##.....♣
♣.@♣ #P.††♣♣♣
♣♣.3♣ ##....♣
♣♣.3♣♣ ##...♣♣
♣♣♣..♣♣
##...♣♣♣♣..♣♣♣
#.[......♣♣♣
###...♣.♣♣♣
#....♣♣♣♣
##.♣♣♣


You could see a 12-headed hydra, a komodo dragon and 2 friendly sun demons.

Vanquished Creatures
  4 hydras
  5 death yaks
  An unseen horror (D:11)
  A manticore (D:11)
  12 elephants
  5 black mambas
  Psyche (D:8)
  12 spiny frogs
  A torpor snail (Lair:7)
  3 fire drakes
  6 komodo dragons
  A snapping turtle (Lair:5)
  10 blink frogs
  Sigmund (D:4)
  3 wyverns
  A trapdoor spider (D:11)
  22 yaks
  A basilisk (Lair:5)
  10 hippogriffs
  3 wolves (Lair:4)
  3 nagas (Lair:5)
  3 hungry ghosts
  9 porcupines
  2 sky beasts
  A soldier ant (D:11)
  3 ice beasts
  A black bear (Lair:3)
  3 phantoms
  7 water moccasins
  2 orc warriors (D:9)
  4 ogres
  8 centaurs
  An eye of draining (D:9)
  12 crocodiles
  2 big kobolds
  15 giant frogs
  A wyvern zombie (D:11)
  3 scorpions
  7 wights (D:9)
  2 electric eels
  12 killer bees
  A vampire bat (Lair:2)
  5 crimson imps
  5 hounds
  A gnoll shaman (D:8)
  5 giant frog skeletons
  10 jellies
  13 iguanas
  Jessica (D:3)
  A centaur skeleton (D:8)
  5 orc priests
  2 orc wizards
  9 worker ants
  A hell rat (D:11)
  32 sheep
  A hound zombie (D:9)
  11 adders
  11 gnolls
  17 river rats
  2 shadow imps (D:9)
  An ooze (Lair:8)
  3 adder zombies
  2 worms
  2 adder skeletons
  24 orcs
  2 ball pythons
  A bat skeleton (D:5)
  20 hobgoblins
  18 jackals
  19 kobolds
  5 quokkas
  15 bats
  5 giant cockroaches
  6 giant geckos
  9 giant newts
  11 goblins
  A quokka zombie (D:7)
  18 rats
499 creatures vanquished.

Vanquished Creatures (collateral kills)
  2 hydras (Lair:8)
  A catoblepas (Lair:7)
  4 death yaks
  7 elephants
  2 blink frogs
  4 yaks
  A hippogriff (Lair:6)
  3 wolves (Lair:8)
  A porcupine (Lair:7)
  3 water moccasins
  3 crocodiles
  5 jellies (Lair:8)
  A sheep (Lair:8)
  6 river rats
  2 orcs (D:9)
  A fungus (Lair:5)
46 creatures vanquished.

Vanquished Creatures (others)
  The ghost of urechis the Grappler, a powerful TrMo of Okawaru (Lair:4)
  The ghost of Xoff the Thaumaturge, a powerful DsWz of Vehumet (Lair:1)
  A hill giant (D:10)
  A komodo dragon (Lair:1)
  A centaur (D:9)
  An ogre (D:9)
  A wight (D:9)
  An orc wizard (D:7)
  A sheep (Lair:4)
  6 fungi
  2 plants
17 creatures vanquished.

Grand Total: 562 creatures vanquished

Notes
Turn   | Place    | Note
--------------------------------------------------------------
     0 | Abyss:1  | emikaela the Kobold Abyssal Knight began the quest for the Orb.
     0 | Abyss:1  | Reached XP level 1. HP: 14/14 MP: 2/2
    83 | Abyss:1  | Noticed a small abomination
    83 | Abyss:1  | Noticed a fire bat
    83 | Abyss:1  | Noticed an efreet
    84 | D:1      | Escaped the Abyss
   546 | D:1      | Acquired Lugonu's first power
   546 | D:1      | Reached XP level 2. HP: 19/19 MP: 3/3
   577 | D:1      | Reached skill level 1 in Stealth
  1077 | D:1      | Reached XP level 3. HP: 21/23 MP: 4/4
  1079 | D:1      | Reached skill level 4 in Short Blades
  1344 | D:2      | Found a faded altar to an unknown god.
  1908 | D:2      | Reached XP level 4. HP: 28/28 MP: 5/5
  2100 | D:3      | Noticed Jessica
  2102 | D:3      | Acquired Lugonu's second power
  2112 | D:3      | Reached skill level 5 in Short Blades
  2115 | D:3      | Killed Jessica
  2225 | D:3      | Found a snail-covered altar of Cheibriados.
  2227 | D:3      | Found a shimmering altar of Xom.
  2233 | D:3      | Found a sparkling altar of Nemelex Xobeh.
  2577 | D:3      | Reached XP level 5. HP: 32/32 MP: 6/6
  2611 | D:3      | Reached skill level 6 in Short Blades
  3050 | D:3      | Noticed a centaur
  3058 | D:3      | Killed a centaur
  3058 | D:3      | Reached XP level 6. HP: 37/37 MP: 7/7
  3257 | D:3      | Reached skill level 7 in Short Blades
  4107 | D:4      | Reached skill level 5 in Stealth
  4107 | D:4      | Reached XP level 7. HP: 26/41 MP: 8/8
  4436 | D:4      | Noticed Sigmund
  4461 | D:4      | Killed Sigmund
  4461 | D:4      | Reached skill level 9 in Short Blades
  5135 | D:4      | Acquired Lugonu's third power
  5303 | D:5      | Entered Level 5 of the Dungeon
  5306 | D:5      | Reached skill level 10 in Short Blades
  5306 | D:5      | Reached XP level 8. HP: 44/46 MP: 9/9
  5738 | D:5      | Found Jiakh's Armour Shop.
  5741 | D:5      | Bought a +0 pair of gloves for 58 gold pieces
  7252 | D:6      | Reached skill level 5 in Invocations
  7288 | D:6      | Reached XP level 9. HP: 45/52 MP: 13/13
  7379 | D:6      | Found an opulent altar of Gozag.
  7585 | D:6      | Found a staircase to the Ecumenical Temple.
  7875 | D:6      | Acquired Lugonu's fourth power
  8388 | Temple   | Entered the Ecumenical Temple
  8781 | D:7      | Reached skill level 1 in Armour
  8971 | D:7      | Reached skill level 5 in Fighting
 10255 | D:8      | Found a blossoming altar of Fedhas.
 10424 | D:8      | Found Tyashrebo's Weapon Emporium.
 10825 | D:8      | Found a shattered altar of Ashenzari.
 10877 | D:8      | Upgraded the game from 0.17-a0-1564-g7b572aa to 0.17-a0-1572-g7a1422d
 11066 | D:8      | Noticed Psyche
 11073 | D:8      | Killed Psyche
 11073 | D:8      | Reached XP level 10. HP: 59/61 MP: 16/16
 11423 | D:8      | Acquired Lugonu's fifth power
 11463 | D:8      | Upgraded the game from 0.17-a0-1572-g7a1422d to 0.17-a0-1575-g9a29ec8
 11757 | D:9      | Reached skill level 5 in Dodging
 12476 | D:9      | Reached skill level 1 in Evocations
 13688 | D:10     | Entered Level 10 of the Dungeon
 13775 | D:10     | Noticed a hill giant
 13780 | D:10     | Banished a hill giant
 13828 | D:10     | Reached XP level 11. HP: 58/69 MP: 17/17
 14081 | D:10     | Reached skill level 5 in Evocations
 14199 | D:10     | Noticed Urug
 14204 | D:10     | Banished Urug
 15055 | D:11     | Found a staircase to the Lair.
 15071 | Lair:1   | Entered Level 1 of the Lair of Beasts
 15296 | Lair:1   | Noticed Xoff's ghost (powerful DsWz)
 15298 | Lair:1   | Banished Xoff's ghost
 15479 | Lair:1   | Got a crude ivory ring
 15481 | Lair:1   | Identified the ring "Coinn" {rN++ AC+4 Str-2 Dex+5} (You found it on level 1 of the Lair of Beasts)
 15537 | Lair:1   | Reached skill level 10 in Fighting
 15941 | Lair:1   | Reached skill level 10 in Stealth
 17385 | Lair:2   | Reached skill level 1 in Axes
 17546 | Lair:2   | Reached XP level 12. HP: 63/77 MP: 18/18
 19447 | Lair:4   | Noticed a five-headed hydra
 19451 | Lair:4   | Killed a five-headed hydra
 19451 | Lair:4   | Reached skill level 5 in Axes
 19905 | Lair:4   | Noticed urechis's ghost (powerful TrMo)
 19913 | Lair:4   | Banished urechis's ghost
 21036 | Lair:4   | Noticed a seven-headed hydra
 21049 | Lair:4   | Killed a seven-headed hydra
 21546 | Lair:5   | Reached XP level 13. HP: 68/82 MP: 19/19
 21627 | Lair:5   | Reached skill level 10 in Dodging
 22104 | Lair:5   | Found a staircase to the Snake Pit.
 22112 | Lair:5   | Noticed a death yak
 22117 | Lair:5   | Noticed a death yak
 22119 | Lair:5   | Noticed a death yak
 22121 | Lair:5   | Noticed a death yak
 22122 | Lair:5   | Noticed a death yak
 22127 | Lair:5   | Killed a death yak
 22134 | Lair:5   | Killed a death yak
 22144 | Lair:5   | Killed a death yak
 22145 | Lair:5   | Killed a death yak
 22154 | Lair:5   | Killed a death yak
 22763 | Lair:5   | Reached skill level 10 in Invocations
 23082 | Lair:5   | Found a staircase to the Shoals.
 23788 | D:11     | Reached skill level 10 in Axes
 23893 | D:11     | Noticed an unseen horror
 23911 | D:11     | Killed an unseen horror
 24000 | D:11     | Noticed a manticore
 24007 | D:11     | Killed a manticore
 24538 | Lair:6   | Reached XP level 14. HP: 48/88 MP: 20/22
 24931 | Lair:6   | You fall through a shaft for 2 floors!
 24931 | Lair:8   | Entered Level 8 of the Lair of Beasts
 25227 | Lair:7   | Reached skill level 11 in Invocations
 25736 | Lair:6   | Reached skill level 5 in Armour
 26795 | Lair:7   | Found a glowing silver altar of Zin.
 28013 | Lair:8   | Found a sparkling altar of Nemelex Xobeh.
 28180 | Lair:8   | Found a staircase to the Slime Pits.
 28580 | Lair:8   | HP: 3/88 [12-headed hydra (10)]
 28580 | Lair:8   | Slain by a 12-headed hydra

Vault maps used:
D:1:      matt_arrival_spirals
D:2:      ecumenical_altar_1
D:3:      gammafunk_temple_overflow_forgotten, uniq_jessica
D:4:      first_bread, uniq_sigmund
D:5:      serial_shops, nicolae_shop_behind_doors
D:6:      lemuel_doored_altar, temple_doors_e, minmay_misc_feat_plants
D:7:      hangedman_decor_slide_cut
D:8:      fedhas_altar_3, nicolae_ashenzari_panopticon, serial_shops,
          shop_fountains, uniq_psyche
D:10:     uniq_urug
D:11:     dpeg_lair_monsters, minmay_misc_feat_iff
Temple:   nicolae_temple_god_jail
Lair:1:   st_stairs_5, infiniplex_staircase_pool_2
Lair:2:   roderic_batcave, serial_bayou_crossing
Lair:3:   columned_hall_lemuel
Lair:4:   serial_bayou_pond_b
Lair:5:   minmay_shoals_entry_hut, guppyfry_snake_entry_garden
Lair:6:   serial_bayou_shore_a, grunt_megastairs_4
Lair:7:   basic_altar, serial_bayou_shore_b
Lair:8:   evil_forest, minmay_slime_entry_jelly_boxes, basic_altar,
          infiniplex_staircase_pool

Action                   |  1- 3 |  4- 6 |  7- 9 | 10-12 | 13-15 || total
-------------------------+-------+-------+-------+-------+-------++-------
Melee: Short sword       |   110 |   172 |   359 |       |       ||   641
       Rapier            |       |       |   284 |   596 |       ||   880
       Broad axe         |       |       |       |   164 |   335 ||   499
 Fire: Hunting sling     |       |       |       |     8 |       ||     8
Throw: Tomahawk          |     5 |       |     6 |     9 |    19 ||    39
       Stone             |       |     7 |       |       |       ||     7
Invok: Depart the Abyss  |     1 |       |       |       |       ||     1
       Bend Space        |       |       |     3 |     2 |     3 ||     8
       Banish            |       |       |     2 |    10 |       ||    12
Evoke: Wand              |       |       |       |    15 |    12 ||    27
       Box of beasts     |       |       |       |     1 |     6 ||     7
       Stone of tremors  |       |       |       |     1 |     2 ||     3
  Use: Scroll            |       |     1 |    15 |     5 |     5 ||    26
       Potion            |       |       |       |     1 |     2 ||     3
 Stab: Sleeping          |     2 |     8 |    23 |    45 |    15 ||    93
       Distracted        |       |     1 |       |     3 |     6 ||    10
       Invisible         |       |       |       |     1 |     7 ||     8
  Eat: Chunk             |    10 |     9 |    31 |    35 |    22 ||   107
       Pizza             |       |       |       |     1 |       ||     1
